TOP OF THE 1ST |
Pittsburgh Pirates batting - Pitching for Minnesota Twins : LHP Jim Storer
|
Pitching: LHP Jim Storer
|
|
Batting: RHB Raul Mendoza
|
0-0: Ball 1-0: Called Strike 1-1: Foul Ball, location: 2F 1-2: Strikes out swinging
|
Batting: LHB Xavier Pittman
|
0-0: Called Strike 0-1: Ball 1-1: Ball 2-1: SINGLE (Line Drive, 4D, EV 94.4 MPH)
|
Batting: SHB Marvin McAleer
|
0-0: Called Strike 0-1: Ball 1-1: Ball 2-1: Called Strike 2-2: Strikes out swinging
|
Batting: RHB Mike Bates
|
0-0: Called Strike 0-1: SINGLE (Groundball, 25, EV 68.1 MPH) (infield hit) Xavier Pittman to second
|
Batting: RHB Andrew Robinson
|
0-0: Called Strike 0-1: Fly out, F4 (Line Drive, 4, EV 68.1 MPH)
|
Top of the 1st over - 0 runs, 2 hits, 0 errors, 2 left on base; Pittsburgh 0 - Minnesota 0 |
BOTTOM OF THE 1ST |
Minnesota Twins batting - Pitching for Pittsburgh Pirates : RHP Ian Toney
|
Pitching: RHP Ian Toney
|
|
Batting: LHB Peer Derks
|
0-0: Called Strike 0-1: Foul Ball, location: 2F 0-2: Ball 1-2: Strikes out swinging
|
Batting: RHB Hildo Pot
|
0-0: Ball 1-0: Ball 2-0: Ball 3-0: Fly out, F8 (Line Drive, 8LD, EV 90.0 MPH)
|
Batting: LHB Ricardo Batista
|
0-0: Ball 1-0: Ball 2-0: Ground out 6-3 (Groundball, 6M, EV 87.5 MPH)
|
Bottom of the 1st over - 0 runs, 0 hits, 0 errors, 0 left on base; Pittsburgh 0 - Minnesota 0 |
TOP OF THE 2ND |
Pittsburgh Pirates batting - Pitching for Minnesota Twins : LHP Jim Storer
|
Batting: LHB Micah Boshnjaku
|
0-0: Ball 1-0: Called Strike 1-1: Foul Ball, location: 2F 1-2: Fly out, F4 (Popup, 13, EV 85.0 MPH)
|
Batting: RHB Bubba Tierney
|
0-0: Called Strike 0-1: Ground out U3 (Groundball, 34, EV 89.4 MPH)
|
Batting: LHB Josh Cook
|
0-0: Fly out, F4 (Popup, 4M, EV 61.2 MPH)
|
Top of the 2nd over - 0 runs, 0 hits, 0 errors, 0 left on base; Pittsburgh 0 - Minnesota 0 |
BOTTOM OF THE 2ND |
Minnesota Twins batting - Pitching for Pittsburgh Pirates : RHP Ian Toney
|
Batting: RHB Steve Jordan
|
0-0: Ball 1-0: Called Strike 1-1: Ground out U3 (Groundball, 34, EV 81.9 MPH)
|
Batting: RHB J.J. Powers
|
0-0: SINGLE (Line Drive, 89S, EV 90.6 MPH)
|
Batting: RHB Alex Sandoval
|
0-0: Called Strike J.J. Powers is caught stealing 2nd base 2-4 0-1: Ball 1-1: Ball 2-1: Foul Ball, location: 2F 2-2: Strikes out looking
|
Bottom of the 2nd over - 0 runs, 1 hit, 0 errors, 0 left on base; Pittsburgh 0 - Minnesota 0 |
TOP OF THE 3RD |
Pittsburgh Pirates batting - Pitching for Minnesota Twins : LHP Jim Storer
|
Batting: SHB Trevor Weareorwear
|
0-0: Called Strike 0-1: Ball 1-1: Ball 2-1: Foul Ball, location: 2F 2-2: Ball 3-2: Base on Balls
|
Batting: RHB Raul Mendoza
|
0-0: Called Strike 0-1: Swinging Strike 0-2: Strikes out swinging
|
Batting: LHB Xavier Pittman
|
0-0: Ball 1-0: Ball 2-0: Called Strike 2-1: SINGLE (Flyball, 7LS, EV 100.0 MPH) Trevor Weareorwear to second
|
Batting: SHB Marvin McAleer
|
0-0: Ball 1-0: Foul Ball, location: 2F 1-1: Ball 2-1: Grounds into double play, 6-4-3 (Groundball, 6, EV 80.6 MPH)
|
Top of the 3rd over - 0 runs, 1 hit, 0 errors, 1 left on base; Pittsburgh 0 - Minnesota 0 |
BOTTOM OF THE 3RD |
Minnesota Twins batting - Pitching for Pittsburgh Pirates : RHP Ian Toney
|
Batting: LHB Per Meulengracht
|
0-0: SINGLE (Line Drive, 8RS, EV 96.2 MPH)
|
Batting: LHB Chaim Huting
|
0-0: Swinging Strike 0-1: Ball 1-1: Foul Ball, location: 2F 1-2: Strikes out looking
|
Batting: RHB Matt Dunn
|
0-0: Foul Ball, location: 2F 0-1: Called Strike 0-2: Ball 1-2: Foul Ball, location: 2F 1-2: Ball 2-2: Ball 3-2: Base on Balls Per Meulengracht to second
|
Batting: LHB Peer Derks
|
0-0: Ball 1-0: Called Strike 1-1: Ball 2-1: Ball 3-1: Called Strike 3-2: Grounds into double play, 6-4-3 (Groundball, 6, EV 85.6 MPH)
|
Bottom of the 3rd over - 0 runs, 1 hit, 0 errors, 1 left on base; Pittsburgh 0 - Minnesota 0 |
TOP OF THE 4TH |
Pittsburgh Pirates batting - Pitching for Minnesota Twins : LHP Jim Storer
|
Batting: RHB Mike Bates
|
0-0: Fly out, F8 (Flyball, 78M, EV 91.9 MPH)
|
Batting: RHB Andrew Robinson
|
0-0: Foul Ball, location: 2F 0-1: Foul Ball, location: 2F 0-2: Ball 1-2: Ball 2-2: Foul Ball, location: 2F 2-2: TRIPLE (Flyball, 89XD, EV 98.8 MPH)
|
Batting: LHB Micah Boshnjaku
|
0-0: Ball 1-0: Ball 2-0: Foul Ball, location: 2F 2-1: Foul Ball, location: 2F 2-2: Ball 3-2: Base on Balls
|
Batting: RHB Bubba Tierney
|
0-0: Swinging Strike 0-1: Called Strike 0-2: Ball 1-2: Strikes out swinging
|
Batting: RHB David Contreras
|
0-0: Foul Ball, location: 2F 0-1: Foul Ball, location: 2F 0-2: Ball 1-2: Strikes out swinging
|
Top of the 4th over - 0 runs, 1 hit, 0 errors, 2 left on base; Pittsburgh 0 - Minnesota 0 |
BOTTOM OF THE 4TH |
Minnesota Twins batting - Pitching for Pittsburgh Pirates : RHP Ian Toney
|
Batting: RHB Hildo Pot
|
0-0: Ball 1-0: Ball 2-0: Foul Ball, location: 2F 2-1: Ball 3-1: Base on Balls
|
Batting: LHB Ricardo Batista
|
0-0: Foul Ball, location: 2F 0-1: Foul Ball, location: 2F 0-2: Strikes out swinging
|
Batting: RHB Steve Jordan
|
0-0: Ball 1-0: SINGLE (Groundball, 6M, EV 111.9 MPH) (infield hit) Hildo Pot to second
|
Batting: RHB J.J. Powers
|
0-0: Ball 1-0: Ball 2-0: Foul Ball, location: 2F 2-1: Swinging Strike 2-2: Fly out, F8 (Line Drive, 78M, EV 95.6 MPH)
|
Batting: RHB Alex Sandoval
|
0-0: Swinging Strike 0-1: Ball 1-1: Fly out, F9 (Flyball, 89S, EV 91.9 MPH)
|
Bottom of the 4th over - 0 runs, 1 hit, 0 errors, 2 left on base; Pittsburgh 0 - Minnesota 0 |
TOP OF THE 5TH |
Pittsburgh Pirates batting - Pitching for Minnesota Twins : LHP Jim Storer
|
Batting: SHB Trevor Weareorwear
|
0-0: Ball 1-0: Foul Ball, location: 2F 1-1: Fly out, F8 (Flyball, 8RXD, EV 86.9 MPH)
|
Batting: RHB Raul Mendoza
|
0-0: Called Strike 0-1: Swinging Strike 0-2: Strikes out looking
|
Batting: LHB Xavier Pittman
|
0-0: Foul Ball, location: 2F 0-1: Foul Ball, location: 2F 0-2: Ball 1-2: Ball 2-2: Fly out, F6 (Popup, 56, EV 52.5 MPH)
|
Top of the 5th over - 0 runs, 0 hits, 0 errors, 0 left on base; Pittsburgh 0 - Minnesota 0 |
BOTTOM OF THE 5TH |
Minnesota Twins batting - Pitching for Pittsburgh Pirates : RHP Ian Toney
|
Batting: LHB Per Meulengracht
|
0-0: Ball 1-0: Ball 2-0: Called Strike 2-1: Swinging Strike 2-2: Ball 3-2: Hit by Pitch
|
Batting: LHB Chaim Huting
|
0-0: Foul Ball, location: 2F 0-1: Foul Ball, location: 2F 0-2: Ball 1-2: Ball 2-2: Foul Ball, location: 2F 2-2: Foul Ball, location: 2F 2-2: Ball 3-2: Strikes out swinging
|
Batting: RHB Matt Dunn
|
0-0: Ball 1-0: Ball Pickoff Throw to First - Out! 1-3 CS 2-0: Called Strike 2-1: SINGLE (Groundball, 56D, EV 95.0 MPH)
|
Batting: LHB Peer Derks
|
0-0: Ball 1-0: Ball Matt Dunn is caught stealing 2nd base 2-6
|
Bottom of the 5th over - 0 runs, 1 hit, 0 errors, 0 left on base; Pittsburgh 0 - Minnesota 0 |
TOP OF THE 6TH |
Pittsburgh Pirates batting - Pitching for Minnesota Twins : LHP Jim Storer
|
Batting: SHB Marvin McAleer
|
0-0: Foul Ball, location: 2F 0-1: DOUBLE (Flyball, 8LD, EV 91.2 MPH)
|
Batting: RHB Mike Bates
|
0-0: Foul Ball, location: 2F 0-1: Ground out 6-3 (Groundball, 6, EV 86.2 MPH) Marvin McAleer to third
|
Batting: RHB Andrew Robinson
|
0-0: Called Strike 0-1: SINGLE (Groundball, 34D, EV 98.1 MPH) Marvin McAleer scores
|
Batting: LHB Micah Boshnjaku
|
0-0: Called Strike 0-1: Ball 1-1: Ball 2-1: Foul Ball, location: 2F 2-2: Strikes out swinging
|
Batting: RHB Bubba Tierney
|
0-0: Ball 1-0: SINGLE (Groundball, 56, EV 101.2 MPH) (infield hit) Andrew Robinson to second
|
Batting: RHB David Contreras
|
0-0: Foul Ball, location: 2F 0-1: Foul Ball, location: 2F 0-2: Ball 1-2: Ball 2-2: Fly out, F3 (Popup, 34, EV 77.5 MPH)
|
Top of the 6th over - 1 run, 3 hits, 0 errors, 2 left on base; Pittsburgh 1 - Minnesota 0 |
BOTTOM OF THE 6TH |
Minnesota Twins batting - Pitching for Pittsburgh Pirates : RHP Ian Toney
|
Batting: LHB Peer Derks
|
0-0: Ball 1-0: Called Strike 1-1: Swinging Strike 1-2: Ball 2-2: Ball 3-2: Ground out 1-3 (Groundball, 13S, EV 61.2 MPH)
|
Batting: RHB Hildo Pot
|
0-0: Called Strike 0-1: Called Strike 0-2: SINGLE (Flyball, 8LS, EV 99.4 MPH)
|
Batting: LHB Ricardo Batista
|
0-0: Ball 1-0: Ball 2-0: Called Strike 2-1: Fly out, F8 (Flyball, 8RD, EV 86.9 MPH)
|
Batting: RHB Steve Jordan
|
0-0: Ball 1-0: Swinging Strike 1-1: Swinging Strike 1-2: Ball 2-2: Ball 3-2: Ground out 6-3 (Groundball, 6, EV 103.8 MPH)
|
Bottom of the 6th over - 0 runs, 1 hit, 0 errors, 1 left on base; Pittsburgh 1 - Minnesota 0 |
TOP OF THE 7TH |
Pittsburgh Pirates batting - Pitching for Minnesota Twins : LHP Jim Storer
|
Batting: SHB Trevor Weareorwear
|
0-0: Called Strike 0-1: Ball 1-1: SINGLE (Line Drive, 7S, EV 104.4 MPH)
|
Batting: RHB Raul Mendoza
|
0-0: Ball 1-0: Bunted foul 1-1: Sac Bunt to 13S - play at first, batter OUT! 1-3 Trevor Weareorwear to second
|
Pitching: RHP Mark Case
|
|
Batting: LHB Xavier Pittman
|
0-0: Called Strike 0-1: Ball 1-1: Foul Ball, location: 2F 1-2: Fly out, F5 (Popup, 5F, EV 61.9 MPH)
|
Batting: SHB Marvin McAleer
|
0-0: Ball 1-0: Ball 2-0: Ball 3-0: Base on Balls
|
Batting: RHB Mike Bates
|
0-0: Ball 1-0: Foul Ball, location: 2F 1-1: Fly out, F6 (Popup, 6S, EV 71.9 MPH)
|
Top of the 7th over - 0 runs, 1 hit, 0 errors, 2 left on base; Pittsburgh 1 - Minnesota 0 |
BOTTOM OF THE 7TH |
Minnesota Twins batting - Pitching for Pittsburgh Pirates : RHP Ian Toney
|
Batting: RHB J.J. Powers
|
0-0: Foul Ball, location: 2F 0-1: Ball 1-1: Ball 2-1: Ground out 5-3 (Groundball, 15, EV 77.5 MPH)
|
Batting: RHB Alex Sandoval
|
0-0: Ground out 1-3 (Groundball, 13S, EV 69.4 MPH)
|
Batting: LHB Per Meulengracht
|
0-0: Ball 1-0: Swinging Strike 1-1: Called Strike 1-2: Ball 2-2: Strikes out swinging
|
Bottom of the 7th over - 0 runs, 0 hits, 0 errors, 0 left on base; Pittsburgh 1 - Minnesota 0 |
TOP OF THE 8TH |
Pittsburgh Pirates batting - Pitching for Minnesota Twins : RHP Mark Case
|
Batting: RHB Andrew Robinson
|
0-0: Called Strike 0-1: Fly out, F8 (Flyball, 89D, EV 88.1 MPH)
|
Batting: LHB Micah Boshnjaku
|
0-0: Ball 1-0: Ball 2-0: SINGLE (Line Drive, 7S, EV 85.0 MPH)
|
Batting: RHB Bubba Tierney
|
0-0: Ball 1-0: Called Strike Micah Boshnjaku is caught stealing 2nd base 2-4 1-1: Ball 2-1: Swinging Strike 2-2: Ball 3-2: Ground out 6-3 (Groundball, 6, EV 106.2 MPH)
|
Top of the 8th over - 0 runs, 1 hit, 0 errors, 0 left on base; Pittsburgh 1 - Minnesota 0 |
BOTTOM OF THE 8TH |
Minnesota Twins batting - Pitching for Pittsburgh Pirates : RHP Ian Toney
|
Pitching: RHP Matt Decker
|
|
Batting: LHB Chaim Huting
|
0-0: Called Strike 0-1: Foul Ball, location: 2F 0-2: Strikes out swinging
|
Batting: RHB Matt Dunn
|
0-0: Ball 1-0: Ball 2-0: Called Strike 2-1: SINGLE (Groundball, 34, EV 81.9 MPH) (infield hit)
|
Batting: LHB Peer Derks
|
0-0: SINGLE (Groundball, 6D, EV 96.2 MPH) Matt Dunn to second Runner from 2nd tries for 3rd, SAFE, throw by LF made to third
|
Batting: RHB Hildo Pot
|
0-0: Foul Ball, location: 2F 0-1: Swinging Strike 0-2: Foul Ball, location: 2F 0-2: Fielders Choice at 2nd, 3-6 (Groundball, 3, EV 83.1 MPH) Matt Dunn scores
|
Batting: LHB Ricardo Batista
|
0-0: Called Strike 0-1: Foul Ball, location: 2F 0-2: Strikes out swinging
|
Bottom of the 8th over - 1 run, 2 hits, 0 errors, 1 left on base; Pittsburgh 1 - Minnesota 1 |
TOP OF THE 9TH |
Pittsburgh Pirates batting - Pitching for Minnesota Twins : RHP Mark Case
|
Pitching: LHP Josh Langguth
|
|
Batting: RHB David Contreras
|
0-0: Called Strike 0-1: Foul Ball, location: 2F 0-2: Ball 1-2: Ball 2-2: Foul Ball, location: 2F 2-2: Ball 3-2: Foul Ball, location: 2F 3-2: Base on Balls
|
Pinch Hitting: RHB Eisse Bravenboer
|
0-0: Ball 1-0: Ball 2-0: Sac Bunt to 15S - play at first, batter OUT! 1-3 David Contreras to second
|
Batting: RHB Raul Mendoza
|
0-0: Intentional Walk
|
Batting: LHB Xavier Pittman
|
0-0: Ball 1-0: Fly out, F7 (Line Drive, 78M, EV 101.9 MPH)
|
Batting: SHB Marvin McAleer
|
0-0: Ball 1-0: Ball 2-0: Ball 3-0: Called Strike 3-1: Foul Ball, location: 2F 3-2: Strikes out looking
|
Top of the 9th over - 0 runs, 0 hits, 0 errors, 2 left on base; Pittsburgh 1 - Minnesota 1 |
BOTTOM OF THE 9TH |
Minnesota Twins batting - Pitching for Pittsburgh Pirates : RHP Matt Decker
|
Pitching: RHP Josh Markham
|
|
Now at C: Eisse Bravenboer
|
|
Batting: RHB Steve Jordan
|
0-0: Foul Ball, location: 2F 0-1: Foul Ball, location: 2F 0-2: Ground out 6-3 (Groundball, 6, EV 83.1 MPH)
|
Batting: RHB J.J. Powers
|
0-0: Ground out 6-3 (Groundball, 6, EV 104.4 MPH)
|
Pinch Hitting: SHB Bran Stark
|
0-0: Swinging Strike 0-1: Ground out 4-3 (Groundball, 4, EV 101.2 MPH)
|
Bottom of the 9th over - 0 runs, 0 hits, 0 errors, 0 left on base; Pittsburgh 1 - Minnesota 1 |
TOP OF THE 10TH |
Pittsburgh Pirates batting - Pitching for Minnesota Twins : LHP Josh Langguth
|
Now at SS: Steve Jordan
|
|
Now in RF: Bran Stark
|
|
Batting: RHB Mike Bates
|
0-0: Ball 1-0: Ball 2-0: Ball 3-0: Base on Balls
|
Batting: RHB Andrew Robinson
|
0-0: Ball Mike Bates is caught stealing 2nd base 2-4 1-0: Called Strike 1-1: Ball 2-1: Foul Ball, location: 2F 2-2: Ball 3-2: Strikes out swinging
|
Pinch Hitting: SHB Brad Day
|
0-0: Called Strike 0-1: Ball 1-1: Ball 2-1: Ball 3-1: Base on Balls
|
Batting: RHB Bubba Tierney
|
0-0: Ball 1-0: Foul Ball, location: 2F 1-1: Ball 2-1: Foul Ball, location: 2F 2-2: Ground out U3 (Groundball, 3S, EV 71.9 MPH)
|
Top of the 10th over - 0 runs, 0 hits, 0 errors, 1 left on base; Pittsburgh 1 - Minnesota 1 |
BOTTOM OF THE 10TH |
Minnesota Twins batting - Pitching for Pittsburgh Pirates : RHP Josh Markham
|
Now in CF: Brad Day
|
|
Batting: LHB Per Meulengracht
|
0-0: Ball 1-0: Ball 2-0: Foul Ball, location: 2F 2-1: Swinging Strike 2-2: Ball 3-2: Foul Ball, location: 2F 3-2: Ground out 6-3 (Groundball, 6MS, EV 85.6 MPH)
|
Batting: LHB Chaim Huting
|
0-0: Ball 1-0: Foul Ball, location: 2F 1-1: Called Strike 1-2: Fly out, F9 (Flyball, 89M, EV 86.9 MPH)
|
Batting: RHB Matt Dunn
|
0-0: Ground out 6-3 (Groundball, 6, EV 76.9 MPH)
|
Bottom of the 10th over - 0 runs, 0 hits, 0 errors, 0 left on base; Pittsburgh 1 - Minnesota 1 |
TOP OF THE 11TH |
Pittsburgh Pirates batting - Pitching for Minnesota Twins : LHP Josh Langguth
|
Pitching: RHP Borisz Barciniak
|
|
Batting: RHB David Contreras
|
0-0: Called Strike 0-1: Ball 1-1: Ball 2-1: Foul Ball, location: 2F 2-2: SINGLE (Groundball, 4M, EV 101.9 MPH) (infield hit)
|
Batting: RHB Eisse Bravenboer
|
0-0: Ball 1-0: Bunted foul 1-1: Sac Bunt to P - play at first, batter OUT! 1-3 David Contreras to second
|
Batting: RHB Raul Mendoza
|
0-0: Swinging Strike 0-1: Called Strike 0-2: Strikes out swinging
|
Batting: LHB Xavier Pittman
|
0-0: Called Strike 0-1: Called Strike 0-2: Ball 1-2: Foul Ball, location: 2F 1-2: Foul Ball, location: 2F 1-2: Ball 2-2: Ball 3-2: SINGLE (Flyball, 7LS, EV 91.2 MPH) David Contreras to third Runner from 3rd tries for Home, SAFE, throw by LF to home
|
Batting: SHB Marvin McAleer
|
0-0: Ball 1-0: Called Strike Xavier Pittman steals 2nd base 1-1: Ball 2-1: Ball 3-1: Fly out, F7 (Flyball, 7D, EV 102.5 MPH)
|
Top of the 11th over - 1 run, 2 hits, 0 errors, 1 left on base; Pittsburgh 2 - Minnesota 1 |
BOTTOM OF THE 11TH |
Minnesota Twins batting - Pitching for Pittsburgh Pirates : RHP Josh Markham
|
Batting: LHB Peer Derks
|
0-0: Ball 1-0: Ball 2-0: Foul Ball, location: 2F 2-1: Ball 3-1: SINGLE (Line Drive, 7S, EV 102.5 MPH)
|
Batting: RHB Hildo Pot
|
0-0: Foul Ball, location: 3F, Error on foul ball, E3 0-1: Ball 1-1: Called Strike 1-2: Ball 2-2: Ball 3-2: Foul Ball, location: 2F 3-2: Strikes out swinging
|
Batting: LHB Ricardo Batista
|
0-0: Ball 1-0: Foul Ball, location: 2F 1-1: Ball 2-1: Fly out, F9 (Flyball, 9LD, EV 98.1 MPH)
|
Batting: RHB Steve Jordan
|
0-0: Ball 1-0: Fly out, F8 (Flyball, 8RM, EV 81.2 MPH)
|
Bottom of the 11th over - 0 runs, 1 hit, 1 error, 1 left on base; Pittsburgh 2 - Minnesota 1 |
|